 Dungeon Crawl Stone Soup version 0.29.1-15-g9cfb28693d (webtiles) character file.

Game seed: 12304088167253929878

3 croobank the Sneak (level 1, -4/16 HPs)
             Began as an Octopode Delver on Mar 10, 2023.
             Slain by an orc priest
             ... wielding a +0 flail
              (10 damage)
             ... on level 3 of the Dungeon.
             The game lasted 00:02:19 (501 turns).

croobank the Sneak (Octopode Delver)                 Turns: 501, Time: 00:02:20

Health: -4/16      AC:  1    Str: 11    XL:     1   Next: 50%
Magic:  1/1        EV: 13    Int: 12    God:
Gold:   48         SH:  0    Dex: 13    Spells: 0/0 levels left

rFire   . . .      SeeInvis .   a - +0 hand axe
rCold   . . .      Faith    .   (no shield)
rNeg    . . .      Spirit   .   (helmet restricted)
rPois   .          Reflect  .   (no amulet)
rElec   .          Harm     .   (no ring)
rCorr   .          Rampage  .   (no ring)
Will    .....                   (no ring)
Stlth   ++++......              (no ring)
HPRegen 0.05/turn               (no ring)
MPRegen 0.07/turn               (no ring)
                                (no ring)
                                (no ring)

@: hasted, very quick
A: almost no armour, amphibious, 8 rings, camouflage 1, gelatinous body 1,
(nimble swimmer 1), tentacles
a: no special abilities


You were on level 3 of the Dungeon.
You visited 1 branch of the dungeon, and saw 5 of its levels.

You collected 48 gold pieces.

Inventory:

Hand Weapons
 a - a +0 hand axe (weapon)
 d - a +0 war axe
Wands
 f - a wand of digging (1)
Scrolls
 j - a scroll of noise {unknown}
Potions
 i - a potion of might


   Skills:
 + Level 3.0 Fighting
 + Level 2.1 Axes
 + Level 2.0 Dodging
 + Level 6.6 Stealth


You couldn't memorise any spells.
You didn't know any spells.
Your spell library contained the following spells:

 Spells                   Type           Power      Damage    Failure   Level
 Slow                     Hex            0%         N/A       32%         1
 Confusing Touch          Hex            0%         N/A       69%         3
 Vampiric Draining        Necr           0%         2d6       69%         3


Dungeon Overview and Level Annotations

Branches:
Dungeon (7/15)
 Temple: D:4-7

Altars:


Innate Abilities, Weirdness & Mutations

You cannot wear most types of armour.
You are amphibious.
You can wear up to eight rings at the same time.
Your skin changes colour to match your surroundings (Stealth+).
Your rubbery body absorbs attacks. (AC +1, EV +1)
((You are camouflaged when in or above water. (Stealth+)))
You have tentacles for arms and can constrict up to eight enemies at once.


Message History

Cornered, the orc turns to fight!
There is a stone staircase leading up here.
You climb upwards.
Found 10 gold pieces.
There is a stone staircase leading down here.
You start resting.
Your extra speed is starting to run out.
You start resting.
You feel yourself slow down.
You start resting.
HP restored.
You start waiting.
Done waiting.
You now have 48 gold pieces (gained 10).
Found a scroll labelled WUQULUO RUKK.
c - a scroll labelled WUQULUO RUKK An orc priest comes into view.
It is wielding a +0 flail.
An orc priest comes into view. It is wielding a +0 short sword.
The orc priest shouts! x2
The orc priest moves out of view.
An orc comes into view. It is wielding a +0 war axe.
As you read the scroll of fog, it crumbles to dust.
The scroll dissolves into smoke.
The orc moves out of view.
Okay, then.
You feel yourself speed up.
The orc priest hits you with a +0 flail!
Ouch! That really hurt!
As you read the scroll labelled WUQULUO RUKK, it crumbles to dust.
It is a scroll of amnesia.
You feel forgetful for a moment.
As you read the scroll labelled BITTA TEUTWAO, it crumbles to dust.
It is a scroll of enchant armour.
You aren't carrying any armour which can be enchanted further.
The orc priest misses you.
As you read the scroll labelled PEISAH JUISCHOT, it crumbles to dust.
It is a scroll of identify.
i - a potion of might The orc priest hits you with a +0 flail!
Ouch! That really hurt!
You die...

###########
#@..##....##
#o#.##.....# ##
#...##.....# ..#
####§##.....# #.#
#.§§§§§....####.#
####§##.#....##.#
#§##.#.##.##.#
#§##.#.##.##.##.
#...............


You could see an orc priest.

Vanquished Creatures
  An orc (D:4)
  A jackal (D:4)
2 creatures vanquished.

Notes
Turn   | Place    | Note
-------+----------+-------------------------------------------
     0 | D:5      | croobank the Octopode Delver began the quest for the Orb.
     0 | D:5      | Reached XP level 1. HP: 16/16 MP: 1/1
     9 | D:7      | Noticed an ice beast
    25 | D:6      | Noticed a jelly
    28 | D:6      | Noticed a scorpion
    32 | D:6      | Noticed an iguana
    79 | D:5      | Noticed a centaur
    93 | D:4      | Noticed an orc warrior
   489 | D:3      | Noticed an orc priest
   490 | D:3      | Noticed an orc priest
   501 | D:3      | Slain by an orc priest

Illustrated notes

Levels and vault maps discovered:
D:3:      layout_basic, nzn_hepliaklqana_mist_gate
D:4:      layout_basic, uniq_blork_the_orc, uniq_natasha, uniq_duvessa
D:5:      layout_cave_pools, zin_statuary, mainiacjoe_overflow_surrounded_room,
          serial_column_ruins, column_ruins_hut, column_ruins_square_medium,
          column_ruins_open_small, column_ruins_open_medium,
          column_ruins_columns_straight, column_ruins_grid_3, uniq_ijyb
D:6:      layout_cave_pools, minitemple, minmay_temple_entry_waves,
          uniq_crazy_yiuf_cottage
D:7:      layout_rooms, enter_bailey_3, minmay_ruffians, uniq_joseph,
          uniq_maggie

Action                   || total
-------------------------++-------
Melee: Hand axe          ||     5
       Constrict         ||     1
Evoke: Wand              ||     2
  Use: Scroll            ||     7
       Potion            ||     2
Armor: Skin              ||     1
Dodge: Dodged            ||     8
